[Event "*** Titled Tuesday Blitz"]
[Site "Chess.com"]
[Date "2020.05.19"]
[Round "3"]
[White "Konek-Gorbunok"]
[Black "IriBu"]
[Result "0-1"]
[WhiteElo "2286"]
[BlackElo "2519"]
[TimeControl "180+1"]
[EndTime "12:28:33 PDT"]
[Termination "IriBu won on time"]

1. d4 Nf6 2. Nf3 e6 3. g3 c5 4. Bg2 cxd4 5. O-O d5 6. Nxd4 e5 7. Nf3 Nc6 8. c4 Be6 9. Ng5 dxc4 10. Nxe6 Qxd1 11. Nxg7+ Bxg7 12. Rxd1 Nd4 13. Nc3 Rb8 14.
Bg5 O-O 15. e3 Ne6 16. Bxf6 Bxf6 17. Nd5 Bg7 18. Rac1 b5 19. Ne7+ Kh8 20. Rd7 a6 21. Nf5 Nc5 22. Ra7 Nd3 23. Rc2 Rb6 24. Be4 Nc5 25. Bd5 Kg8 26. e4 Ne6 27. Bxe6 Rxe6 28.
Rd2 b4 29. Rdd7 Rc6 30. Rdc7 Rxc7 31. Rxc7 c3 32. bxc3 bxc3 33. Rxc3 Rb8 34. Rc6 a5 35. Ra6 Rb5 36. Ra7 Bf8 37. Ne7+ Kg7 38. Nf5+ Kg6 39. a4 Rb1+ 40. Kg2 Bb4 41. Ne7+ Kg7 42. Nd5 Bd2 0-1

[Event "*** Titled Tuesday Blitz"]
[Site "Chess.com"]
[Date "2020.05.19"]
[Round "3"]
[White "DaggiGretarsson"]
[Black "Mykola-Bortnyk"]
[Result "0-1"]
[WhiteElo "2611"]
[BlackElo "2886"]
[TimeControl "180+1"]
[EndTime "12:28:34 PDT"]
[Termination "Mykola-Bortnyk won by resignation"]

1. d4 d5 2. Nf3 Nf6 3. g3 Bf5 4. Bg2 e6 5. O-O c5 6. c4 Nc6 7. Nc3 dxc4 8. Qa4 Nd7 9. Qxc4 Nb6 10. Qb3 cxd4 11. Rd1 Bc5 12. Qb5 Qe7 13. Ne5 O-O 14. Bxc6 dxc3 15. Bg2 Rfd8 16. Rf1 Bd4 17. Nf3 Bf6 18.
a4 c2 19. a5 Nd5 20. Ne1 Bg6 21. e4 a6 22. Qe2 Nb4 23. Nxc2 Nxc2 24. Qxc2 Rac8 25.
Qb3 Bd4 26. Be3 e5 27. Rfc1 h5 28. h4 Kh7 29. Bxd4 exd4 30. Qd3 f6 31. Re1 Qb4 32.
Bh3 Rc5 33. Bf5 Bxf5 34. exf5 Qb5 35. Re7 Qxd3 0-1

[Event "*** Titled Tuesday Blitz"]
[Site "Chess.com"]
[Date "2020.05.19"]
[Round "3"]
[White "Ural_bogatyr"]
[Black "Jagerrmeisterr"]
[Result "0-1"]
[WhiteElo "2402"]
[BlackElo "2655"]
[TimeControl "180+1"]
[EndTime "12:28:34 PDT"]
[Termination "Jagerrmeisterr won by resignation"]

1. e4 c6 2. d4 d5 3. e5 Bf5 4. Nc3 e6 5. g4 Bg6 6. Nge2 f6 7.
h4 Bb4 8. a3 Ba5 9. h5 Bf7 10.
f4 Bc7 11. g5 fxg5 12. fxg5 Ne7 13. Nf4 c5 14. Nb5 cxd4 15. Nxc7+ Qxc7 16. Qxd4 Nbc6 17. Bb5 O-O-O 18. Qa4 a6 19. Bxc6 Nxc6 20. Nd3 Rhf8 21.
Bf4 Be8 22. Qb3 Nd4 23. Qc3 Qxc3+ 24. bxc3 Nxc2+ 25. Kd2 Nxa1 26. Rxa1 Bb5 27. Be3 Bxd3 28. Kxd3 Rf3 29. Kd4 Rd7 30. Rb1 Rc7 31. Rb4 b5 32.
a4 Rc4+ 33. Rxc4+ bxc4 34. a5 Kc7 35. h6 gxh6 36. gxh6 Kc6 0-1

[Event "*** Titled Tuesday Blitz"]
[Site "Chess.com"]
[Date "2020.05.19"]
[Round "3"]
[White "wadsy27"]
[Black "DonPreuss"]
[Result "1-0"]
[WhiteElo "2485"]
[BlackElo "2194"]
[TimeControl "180+1"]
[EndTime "12:28:34 PDT"]
[Termination "wadsy27 won by resignation"]

1. c4 Nc6 2. g3 e5 3. Nc3 Bc5 4. Bg2 a6 5. e3 Nge7 6. Nge2 d6 7.
O-O O-O 8. b3 f5 9. d4 Ba7 10.
Nd5 e4 11. Nxe7+ Nxe7 12. d5 Ng6 13. Bb2 Qe7 14. Rc1 Ne5 15. Bxe5 dxe5 16. Qd2 g5 17. b4 h5 18. c5 Qh7 19. Nc3 h4 20.
Rfd1 Bd7 21. a3 Be8 22. d6 Bh5 23. Qd5+ Rf7 24. d7 Rd8 25. Qxb7 Bxd1 26. Rxd1 h3 27.
Bf1 Rfxd7 28. Rxd7 Qxd7 29. Qxa7 f4 30. Qxa6 Kg7 31.
Nxe4 fxe3 32. Qf6+ Kg8 33. Qxg5+ Kf7 34. Qxe3 Qd4 35.
Ng5+ Kg6 36. Nxh3 Qxe3 37. fxe3 Kf5 38. Nf2 Rd2 39. Bd3+ Kf6 40. Ne4+ 1-0

[Event "*** Titled Tuesday Blitz"]
[Site "Chess.com"]
[Date "2020.05.19"]
[Round "3"]
[White "memer5334"]
[Black "ljuks68"]
[Result "1-0"]
[WhiteElo "2212"]
[BlackElo "2368"]
[TimeControl "180+1"]
[EndTime "12:28:34 PDT"]
[Termination "memer5334 won on time"]

1. Nf3 d5 2. d4 Nf6 3. c4 c6 4. Nc3 dxc4 5. a4 Bf5 6. e3 e6 7. Bxc4 Bb4 8. Bd2 Nbd7 9. O-O O-O 10. Re1 Bg4 11. Be2 Qe7 12. e4 e5 13. dxe5 Nxe5 14.
Nxe5 Bxe2 15. Qxe2 Qxe5 16. f4 Qe6 17. Rad1 Rad8 18.
e5 Nd5 19. Nxd5 Bxd2 20. Nc7 Qe7 21. Rxd2 Qxc7 22. Red1 Qb6+ 23. Qf2 Rxd2 24. Rxd2 Qb4 25. Qd4 Qa5 26. b3 g6 27. h4 h5 28. f5 gxf5 29.
Rf2 Qe1+ 30. Rf1 Qe4 31. Qd6 Qxh4 32. Rxf5 Qe1+ 33. Rf1 Qe3+ 34. Kh2 Qe4 35. Rf3 Qh4+ 36. Rh3 Qf4+ 37. Rg3+ 1-0

[Event "*** Titled Tuesday Blitz"]
[Site "Chess.com"]
[Date "2020.05.19"]
[Round "3"]
[White "ElHelvetico"]
[Black "Pudor"]
[Result "1-0"]
[WhiteElo "2585"]
[BlackElo "2390"]
[TimeControl "180+1"]
[EndTime "12:28:35 PDT"]
[Termination "ElHelvetico won by checkmate"]

1. e4 c5 2. Nf3 Nc6 3. Nc3 e6 4. d4 cxd4 5. Nxd4 Qc7 6. Be3 a6 7. Qf3 Nf6 8. O-O-O Ne5 9. Qg3 b5 10. f4 Neg4 11. e5 b4 12. Na4 Nd5 13. Bg1 h5 14. h3 Nh6 15. Bd3 Bb7 16. Be4 Nc3 17. Bxb7 Qxb7 18. bxc3 bxc3 19. Qxc3 Rc8 20. Qb3 Qxg2 21.
Be3 g6 22. Rhe1 Be7 23. Re2 Qxh3 24. Qb7 O-O 25. Nb3 Nf5 26. Bb6 Qg4 27. Red2 Qxf4 28.
Qxd7 Bg5 29. Kb1 Qxa4 30. Qxa4 Bxd2 31. Rxd2 h4 32. Qg4 Rc3 33. Kb2 Rg3 34. Qf4 g5 35. Qe4 g4 36. Qf4 h3 37. Qg5+ Kh7 38. Qh5+ Nh6 39. Nc5 Rb8 40. Nd7 Rb7 41. Nf6+ Kg7 42. Qg5+ Kf8 43. Qxh6+ Ke7 44. Ng8+ Ke8 45. Rd8# 1-0

[Event "*** Titled Tuesday Blitz"]
[Site "Chess.com"]
[Date "2020.05.19"]
[Round "3"]
[White "VladimirBugayev"]
[Black "EmeseBalogh"]
[Result "1-0"]
[WhiteElo "2281"]
[BlackElo "1934"]
[TimeControl "180+1"]
[EndTime "12:28:35 PDT"]
[Termination "VladimirBugayev won by resignation"]

1. e4 d5 2. exd5 Qxd5 3. Nc3 Qd6 4. d4 c6 5. g3 Nf6 6. Bf4 Qd8 7. Bg2 Bf5 8. Nge2 e6 9. O-O Bd6 10. Qd2 O-O 11.
Rad1 Qc7 12. Bxd6 Qxd6 13. Na4 Nbd7 14. b3 Rfe8 15. Nb2 Rad8 16. f4 Ne4 17. Qe3 Ndf6 18. h3 h5 19. Nc4 Qc7 20. Ne5 Nd5 21. Qf3 f6 22. Nc4 Bg6 23. a3 b5 24. Ne3 Ndc3 25. Nxc3 Nxc3 26. Rd2 Ne4 27. Rdd1 Nc3 28. Rd2 Ne4 29.
Re2 Nxg3 30. Qxg3 Bf7 31. c3 a5 32. b4 axb4 33. axb4 Ra8 34. Rfe1 Ra3 35. Nf1 Qd6 36. f5 Qxg3 37. Nxg3 exf5 38. Rxe8+ 1-0

[Event "*** Titled Tuesday Blitz"]
[Site "Chess.com"]
[Date "2020.05.19"]
[Round "3"]
[White "TregubovP"]
[Black "Susal_De_Silva"]
[Result "1/2-1/2"]
[WhiteElo "2555"]
[BlackElo "2376"]
[TimeControl "180+1"]
[EndTime "12:28:36 PDT"]
[Termination "Game drawn by agreement"]

1. e4 e5 2. Nf3 Nc6 3. Bb5 a6 4. Ba4 Nf6 5. d4 b5 6. Bb3 exd4 7. Ng5 Ne5 8. f4 Nc4 9. e5 Nd5 10. Bxc4 bxc4 11. Qxd4 Nb6 12. O-O Be7 13. Nc3 h6 14.
Nge4 O-O 15. f5 d5 16. exd6 Bxd6 17. Nxd6 Qxd6 18. Be3 Qxd4 19. Bxd4 Bb7 20. f6 g6 21.
Rae1 Rfe8 22. Re7 Rxe7 23. fxe7 Re8 24. Re1 f5 25. Bxb6 cxb6 26. Re6 Kf7 27. Rxb6 Rxe7 28. Kf2 Bc8 29. Nd5 Rb7 30. Rc6 Bd7 31. Rf6+ Kg7 32.
Rd6 Ba4 33. b3 cxb3 34. axb3 Bb5 35. Nf4 g5 36. Ne6+ Kh7 37. Nd4 Rc7 38. c4 Bxc4 39.
bxc4 Rxc4 40. Nxf5 Rf4+ 41. Kg3 Rxf5 42. Rxa6 Kg7 43. Kh3 Rf6 44. Ra8 Kg6 45. g3 Rb6 46. Rg8+ Kh7 47. Rc8 h5 48. Kg2 Rb2+ 49. Kg1 Rb1+ 50. Kg2 1/2-1/2

[Event "*** Titled Tuesday Blitz"]
[Site "Chess.com"]
[Date "2020.05.19"]
[Round "3"]
[White "Crazy_girl99"]
[Black "peixe64"]
[Result "1-0"]
[WhiteElo "2436"]
[BlackElo "2250"]
[TimeControl "180+1"]
[EndTime "12:28:36 PDT"]
[Termination "Crazy_girl99 won by resignation"]

1. Nf3 Nf6 2. g3 d5 3. Bg2 c5 4. O-O Nc6 5. d3 e5 6. Nbd2 Be7 7.
e4 d4 8. Re1 O-O 9. h3 b5 10. Nf1 a5 11. g4 c4 12. Ng3 Ba6 13. g5 Ne8 14. h4 Rc8 15. Bh3 Rc7 16. h5 g6 17. hxg6 hxg6 18. Kg2 Ng7 19. Rh1 Ne6 20.
Bxe6 fxe6 21. Rh6 Kf7 22. Qh1 Rg8 23. Qh3 Ke8 24. Qxe6 Rf8 25. Qxg6+ Kd7 26. Qe6+ Ke8 27. Nf5 Qd7 28. Nxe5 Nxe5 29. Qxe5 cxd3 30. Rxa6 Rxc2 31.
Ra8+ Kf7 32. Qg7+ Ke6 33. Rxf8 Bxf8 34. Nxd4+ Kd6 35. Bf4+ Kc5 36. Qxd7 Kc4 37. Qd5+ 1-0

[Event "*** Titled Tuesday Blitz"]
[Site "Chess.com"]
[Date "2020.05.19"]
[Round "3"]
[White "Shuvalov"]
[Black "tomozupan"]
[Result "1-0"]
[WhiteElo "2415"]
[BlackElo "2208"]
[TimeControl "180+1"]
[EndTime "12:28:36 PDT"]
[Termination "Shuvalov won by checkmate"]

1. Nf3 Nf6 2. c4 Nc6 3. d4 e6 4. d5 Bb4+ 5. Nc3 exd5 6. cxd5 Ne7 7. Bg5 Nexd5 8. Rc1 h6 9. Bh4 d6 10. e4 Nxc3 11.
bxc3 Bc5 12. e5 dxe5 13. Qxd8+ Kxd8 14. Bc4 g5 15. Bg3 Ne4 16. Nxe5 Nxg3 17. hxg3 Re8 18. f4 gxf4 19. gxf4 f6 20. Rd1+ Bd6 21. Rxh6 fxe5 22.
fxe5 Rxe5+ 23. Kf1 Bd7 24. Bd5 Rb8 25. c4 Rf5+ 26.
Kg1 Bc5+ 27. Kh1 Bd6 28. c5 Bf4 29. Rh7 c6 30. Be6 Rd5 31. Bxd5 cxd5 32. Rxd5 Ke8 33. Rdxd7 Rc8 34. Rxb7 Rxc5 35. Rh8# 1-0

[Event "*** Titled Tuesday Blitz"]
[Site "Chess.com"]
[Date "2020.05.19"]
[Round "3"]
[White "ZarinaShafigullina"]
[Black "Nayemhaque22"]
[Result "0-1"]
[WhiteElo "2328"]
[BlackElo "2168"]
[TimeControl "180+1"]
[EndTime "12:28:36 PDT"]
[Termination "Nayemhaque22 won by resignation"]

1. d4 Nf6 2. Nf3 e6 3. g3 d5 4.
Bg2 Nbd7 5. O-O Be7 6. c4 dxc4 7. Qa4 O-O 8. Qxc4 a6 9. Qc2 Rb8 10. a4 b5 11. axb5 axb5 12. Ra7 Bb7 13. Nc3 b4 14. Na4 Qc8 15. Nc5 Nxc5 16. dxc5 Bd5 17. Bf4 Rb7 18. Rfa1 Qb8 19. Ra8 Qxa8 20. Rxa8 Rxa8 21. h3 b3 22. Qc3 Ne4 23. Qd3 Bxc5 24. Be3 Bxe3 25. Qxe3 Ra2 26.
Qd4 c5 27. Qe5 f6 28. Qh5 g6 29. Qh4 Rxb2 30. Nd4 cxd4 31. Bxe4 Rc2 32. Bxd5 exd5 33. Qxf6 Rcc7 34. Qe6+ Rf7 35. Qe8+ Kg7 36. Qe5+ Kh6 37. h4 b2 38. Qg5+ Kg7 39. Qe5+ Rf6 40. g4 b1=Q+ 41.
Kh2 Qe4 0-1

[Event "*** Titled Tuesday Blitz"]
[Site "Chess.com"]
[Date "2020.05.19"]
[Round "3"]
[White "Goryachkina"]
[Black "Saxar85"]
[Result "1-0"]
[WhiteElo "2641"]
[BlackElo "2698"]
[TimeControl "180+1"]
[EndTime "12:28:37 PDT"]
[Termination "Goryachkina won by resignation"]

1. d4 d6 2. Nf3 Nf6 3. c4 g6 4. Nc3 Bf5 5. Nh4 Bd7 6. e4 e5 7.
Nf3 Nc6 8. d5 Ne7 9. h3 Bg7 10.
Be3 O-O 11. g4 a6 12. Nd2 b5 13. cxb5 axb5 14. Bxb5 c6 15. dxc6 Nxc6 16. Nc4 Nd4 17. Bxd7 Nxd7 18. O-O Nc5 19. b4 Nce6 20. Nd5 f5 21. exf5 gxf5 22. f4 Qh4 23. Kg2 fxg4 24. Qxg4 Qxg4+ 25. hxg4 Nc2 26. f5 Nf4+ 27. Bxf4 exf4 28.
Rac1 Rxa2 29. Rf2 Bd4 30. Rfxc2 Rfa8 31. Rxa2 Rxa2+ 32. Kf3 Rf2+ 33. Ke4 Ba7 34. Nxf4 Kf7 35. Nxd6+ Kf6 36. Rc7 1-0

[Event "*** Titled Tuesday Blitz"]
[Site "Chess.com"]
[Date "2020.05.19"]
[Round "3"]
[White "Shivagami"]
[Black "SamuelGhimpu2003"]
[Result "0-1"]
[WhiteElo "2188"]
[BlackElo "2600"]
[TimeControl "180+1"]
[EndTime "12:28:38 PDT"]
[Termination "SamuelGhimpu2003 won by resignation"]

1. d4 Nf6 2. c4 g6 3. Nc3 d5 4.
cxd5 Nxd5 5. Bd2 Bg7 6. e4 Nb6 7. Be3 O-O 8. Be2 f5 9. exf5 Bxf5 10. Nf3 Qd6 11. O-O Nc6 12. Nb5 Qd7 13. Qd2 Rad8 14.
Bh6 a6 15. Bxg7 Kxg7 16. Nc3 Nxd4 17. Nxd4 Qxd4 18. Qg5 Qf6 19. Qg3 Rd7 20. Rad1 Rfd8 21. Rxd7 Rxd7 22. Rd1 Rxd1+ 23. Bxd1 Qd6 24. Qe3 Nc4 25.
Qc1 Qd2 26. Qxd2 Nxd2 27. f3 Nc4 28. b3 Nd6 29. Kf2 e5 30. Ke3 c6 31. Na4 Kf6 32. Nc5 a5 33. Be2 g5 34. g4 Bc8 35.
Bd3 h6 36. Bc2 Ke7 37. Ne4 Nxe4 38. Kxe4 Kd6 39. Bd3 Be6 40. Be2 b5 41. Bd1 b4 42.
Be2 a4 43. Bd1 c5 44. Be2 axb3 45. axb3 Bxb3 46. Kf5 Bc2+ 47. Kf6 b3 0-1

[Event "*** Titled Tuesday Blitz"]
[Site "Chess.com"]
[Date "2020.05.19"]
[Round "3"]
[White "SanchezKelvin"]
[Black "Infernal_XaM"]
[Result "1-0"]
[WhiteElo "2472"]
[BlackElo "2822"]
[TimeControl "180+1"]
[EndTime "12:28:38 PDT"]
[Termination "SanchezKelvin won by resignation"]

1. d4 d5 2. c4 e6 3. Nf3 Nf6 4. Nc3 b6 5. cxd5 exd5 6. Bg5 Bb7 7. e3 Nbd7 8. Qc2 Be7 9. h4 h6 10. Bxf6 Nxf6 11. Ne5 O-O 12. g4 Ne4 13. Bd3 Nxc3 14. bxc3 Bxh4 15. Ke2 Bf6 16. f4 Re8 17. g5 Bxe5 18.
fxe5 hxg5 19. Bb5 c6 20. Qh7+ Kf8 21. Bd3 Ke7 22. Qxg7 Rg8 23. Qf6+ Ke8 24. Raf1 Qxf6 25. Rxf6 Rg7 26. Rh8+ Ke7 27. Rxa8 Bxa8 28. Kf3 Bb7 29. Bf5 c5 30. Kg4 c4 31. Rd6 Ke8 32. a4 Rg8 33. Bd7+ Ke7 34. Bf5 Ke8 35. Bd7+ Ke7 36.
Bf5 Rb8 37. Rd7+ Ke8 38. Rc7 a6 39. Kxg5 b5 40. axb5 axb5 41. Kf6 Ba6 42. Re7+ Kd8 43. Rxf7 Rb7 44. e6 1-0

[Event "*** Titled Tuesday Blitz"]
[Site "Chess.com"]
[Date "2020.05.19"]
[Round "3"]
[White "ChocolateRoses"]
[Black "AleksibFan"]
[Result "1-0"]
[WhiteElo "2270"]
[BlackElo "2490"]
[TimeControl "180+1"]
[EndTime "12:28:38 PDT"]
[Termination "ChocolateRoses won on time"]

1. Nf3 d5 2. g3 Nf6 3. Bg2 c6 4. O-O Bg4 5. c4 e6 6. cxd5 cxd5 7. Nc3 Nc6 8. d3 Be7 9. Qb3 Bxf3 10. Bxf3 Qd7 11. Bg2 O-O 12. Bd2 Rac8 13. Rfc1 a6 14. a4 Na5 15. Qd1 Qd8 16. Na2 Qb6 17. b4 Nc6 18.
Rab1 Rfd8 19. b5 axb5 20. Rxb5 Qa7 21. Rcb1 Rc7 22. Be3 d4 23. Bf4 Bd6 24. Bxd6 Rxd6 25. Nb4 Nxb4 26. R5xb4 b6 27. a5 Qxa5 28. Ra4 Qc5 29.
Ra8+ Rc8 30. Rc1 1-0

[Event "*** Titled Tuesday Blitz"]
[Site "Chess.com"]
[Date "2020.05.19"]
[Round "3"]
[White "LiamVrolijk"]
[Black "keepitcool9499"]
[Result "1-0"]
[WhiteElo "2815"]
[BlackElo "2456"]
[TimeControl "180+1"]
[EndTime "12:28:40 PDT"]
[Termination "LiamVrolijk won by resignation"]

1. d4 Nf6 2. c4 e6 3. Nc3 d5 4. Nf3 Be7 5. Bf4 O-O 6. e3 c5 7.
dxc5 dxc4 8. Qc2 Bxc5 9. Bxc4 a6 10. Rd1 Qe7 11. a3 Rd8 12. O-O b5 13. Be2 Bb7 14.
Rxd8+ Qxd8 15. Nxb5 Bxe3 16. Bxe3 axb5 17. Rd1 Qe8 18. Qc7 Bd5 19. Nd4 Na6 20. Qd6 Ne4 21. Qb6 Bc4 22. Bf3 Bd5 23. Qxb5 Qc8 24. Rc1 Qd8 25. b4 Nc7 26. Qb6 Rc8 27. h3 h6 28.
a4 Qd7 29. b5 Na8 30. Rxc8+ Qxc8 31. Qa5 Nc7 32. Nc6 Bxc6 33. bxc6 Nd6 34. Qb4 Qd8 35. a5 Nd5 36. Bxd5 exd5 37. Qb6 Qc8 38. a6 Nc4 39. Qb7 Qe8 40. a7 Nxe3 41. a8=Q Qxa8 42. Qxa8+ Kh7 43. fxe3 d4 44. exd4 1-0

[Event "*** Titled Tuesday Blitz"]
[Site "Chess.com"]
[Date "2020.05.19"]
[Round "3"]
[White "crossingthestreet"]
[Black "TV27"]
[Result "1-0"]
[WhiteElo "2322"]
[BlackElo "2096"]
[TimeControl "180+1"]
[EndTime "12:28:40 PDT"]
[Termination "crossingthestreet won by checkmate"]

1. c4 f5 2. Nc3 Nf6 3. d4 d6 4. Nf3 g6 5. g3 Bg7 6. Bg2 O-O 7. O-O c6 8. b3 a5 9. Bb2 Bd7 10. Re1 Ne4 11. Nxe4 fxe4 12. Nd2 d5 13. f3 e3 14. Nf1 Bh6 15. Bc1 dxc4 16. bxc4 Be6 17. Qd3 Bf5 18. Qc3 c5 19. Bxe3 Bxe3+ 20. Qxe3 cxd4 21.
Qh6 Na6 22. e4 Be6 23. Nd2 d3 24. Kh1 Qd4 25. e5 Bxc4 26. Rac1 Bd5 27. Ne4 Nb4 28. Ng5 Rf7 29. e6 Rg7 30. Rc7 d2 31. Rd1 Nd3 32. Nh3 g5 33. Rxd2 Qa1+ 34. Ng1 Qe1 35. Rxd3 Bc6 36.
Rc3 Rd8 37. Rc2 Rd1 38. Rc8+ Be8 39. Rxe8# 1-0

[Event "*** Titled Tuesday Blitz"]
[Site "Chess.com"]
[Date "2020.05.19"]
[Round "3"]
[White "Fusikk"]
[Black "Zkid"]
[Result "0-1"]
[WhiteElo "2576"]
[BlackElo "2812"]
[TimeControl "180+1"]
[EndTime "12:28:41 PDT"]
[Termination "Zkid won by checkmate"]

1. e4 e6 2. d4 d5 3. Nc3 dxe4 4. Nxe4 Nd7 5. Nf3 Ngf6 6. Nxf6+ Nxf6 7. Bd3 Be7 8. O-O O-O 9. Bg5 b6 10. Bxf6 Bxf6 11.
Be4 Rb8 12. c3 c5 13. Ne5 Qc7 14. Nc6 Bb7 15. Nxb8 Bxe4 16. Qe2 Bb7 17. Na6 Qc8 18. Nxc5 bxc5 19. dxc5 Ba6 20. c4 Qxc5 21. Rac1 Bd4 22. Kh1 Bb7 23. f4 h5 24. b4 Qxb4 25. Rb1 Qe7 26.
Qxh5 Be4 27. Rbe1 f5 28. Rd1 Bc5 29. Qe2 Rb8 30. Rd2 Qh4 31. Rfd1 Qxf4 32. Rd8+ Rxd8 33. Rxd8+ Bf8 34. h3 Qg3 35. Kg1 Qc7 36. Qd2 Kh7 37. Qd1 Qf7 38. Kh1 Qg6 39. Qe2 Bc5 40. Rc8 Bd4 41. c5 e5 42. a4 Qg5 43. Qa2 Qc1+ 44. Kh2 Bg1+ 45. Kg3 Qf4# 0-1

[Event "*** Titled Tuesday Blitz"]
[Site "Chess.com"]
[Date "2020.05.19"]
[Round "3"]
[White "Titus369"]
[Black "icychess54"]
[Result "0-1"]
[WhiteElo "2490"]
[BlackElo "2268"]
[TimeControl "180+1"]
[EndTime "12:28:41 PDT"]
[Termination "icychess54 won by checkmate"]

1. e4 c5 2. Nf3 d6 3. d4 cxd4 4. Nxd4 Nf6 5. Nc3 Nc6 6. Bg5 e6 7. Qd2 h6 8. Be3 Ng4 9. Bb5 Bd7 10. O-O-O Nxe3 11. Qxe3 Be7 12. f4 O-O 13. Kb1 a6 14.
Be2 b5 15. Bf3 b4 16. Nce2 Qc7 17. e5 dxe5 18. fxe5 Rac8 19. Nxc6 Bxc6 20. Nd4 Bxf3 21. gxf3 Bc5 22. Qe2 Rfd8 23. Nb3 a5 24. Qc4 Bb6 25. Qxc7 Bxc7 26. f4 Bb6 27. c3 Rxd1+ 28. Rxd1 bxc3 29. Rc1 a4 30. Na1 Be3 31. Rxc3 Rxc3 32. bxc3 Bxf4 33. Kc2 Bxh2 34. Kd3 Bxe5 35. Nc2 h5 36. c4 h4 37. Ke4 h3 38. Kf3 g5 39. Ne3 f5 40. c5 g4+ 41.
Kf2 Bd4 42. c6 Bb6 43. Kf1 Kf8 44. Nc4 Bc7 45. Na3 Ke7 46. Nb5 Kd8 47. Nd4 Ke7 48.
Nb5 Bb6 49. c7 Kd7 50. Nc3 a3 51. Na4 Bxc7 52. Nc5+ Ke7 53. Nd3 g3 54. Kg1 Bb6+ 55. Kh1 g2+ 56. Kh2 g1=Q+ 57. Kxh3 Qg4+ 58. Kh2 Qh4+ 59. Kg2 Qe4+ 60. Kh2 Qxd3 61. Kh1 Qh3# 0-1

[Event "*** Titled Tuesday Blitz"]
[Site "Chess.com"]
[Date "2020.05.19"]
[Round "3"]
[White "Yuri202062"]
[Black "harkerchess"]
[Result "0-1"]
[WhiteElo "2445"]
[BlackElo "2077"]
[TimeControl "180+1"]
[EndTime "12:28:41 PDT"]
[Termination "harkerchess won on time"]

1. d4 d5 2. c4 c6 3. Nc3 Nf6 4. e3 dxc4 5. Bxc4 e6 6. Nf3 Nbd7 7. e4 Be7 8. O-O O-O 9. e5 Nd5 10. Ne4 c5 11. Bg5 h6 12. Bxe7 Qxe7 13. dxc5 Nxc5 14. Nd6 Nb6 15. Rc1 Rd8 16. Qd4 Ncd7 17. Rfd1 Nxc4 18. Rxc4 b6 19. Rc7 Ba6 20. h3 Be2 21. Nb7 Bxd1 22. Nxd8 Rxd8 23. Qxd1 Nxe5 24. Rxe7 Rxd1+ 25. Kh2 Nxf3+ 26. gxf3 Rd2 27. Kg3 Rxb2 28. Rxa7 b5 29. a4 Ra2 30. Rb7 bxa4 31. Ra7 Ra1 32. f4 a3 33. Kg2 a2 34. h4 Kh7 35. Ra5 Kg6 36. Kh2 f5 37. Kg2 Kh5 38. Kh2 Kxh4 0-1

[Event "*** Titled Tuesday Blitz"]
[Site "Chess.com"]
[Date "2020.05.19"]
[Round "3"]
[White "FairChess_on_YouTube"]
[Black "Misha_Bilous"]
[Result "1-0"]
[WhiteElo "3016"]
[BlackElo "2460"]
[TimeControl "180+1"]
[EndTime "12:28:42 PDT"]
[Termination "FairChess_on_YouTube won by resignation"]

1. e4 c5 2. c3 Nf6 3. e5 Nd5 4. d4 cxd4 5. Nf3 Nc6 6. Bc4 Nb6 7. Bb3 d6 8. exd6 Qxd6 9. Nxd4 Nxd4 10. cxd4 Be6 11. Nc3 Bxb3 12. Qxb3 e6 13. O-O Be7 14. Rd1 O-O 15. d5 exd5 16. Be3 Rfd8 17. Bxb6 Qxb6 18. Qxb6 axb6 19. Nxd5 Kf8 20. Kf1 Rac8 21. Ne3 Bf6 22.
Rxd8+ Rxd8 23. Rd1 Rxd1+ 24. Nxd1 Ke7 25. Ke2 Kd6 26.
Kd3 Kc5 27. b3 Bd4 28. g4 g5 29. Ke4 b5 30. Kf5 h6 31. Ke4 b4 32. h3 b6 33.
Ne3 Bxe3 34. fxe3 Kd6 35. Kf5 Kd5 36. Kf6 Ke4 37. Kxf7 Kxe3 38. Kg6 Kd3 39. Kxh6 Kc2 40. Kxg5 Kb2 41. h4 Kxa2 42. h5 Kxb3 43. h6 Ka2 44. h7 b3 45. h8=Q b2 46. Qa8+ Kb3 47. Qb7 Ka2 48.
Qxb6 b1=N 49. Qxb1+ 1-0

[Event "*** Titled Tuesday Blitz"]
[Site "Chess.com"]
[Date "2020.05.19"]
[Round "3"]
[White "djano"]
[Black "RovenVogel"]
[Result "1-0"]
[WhiteElo "2455"]
[BlackElo "2719"]
[TimeControl "180+1"]
[EndTime "12:28:43 PDT"]
[Termination "djano won by resignation"]

1. d4 Nf6 2. Nf3 g6 3. Bf4 Bg7 4. h3 c5 5. c3 cxd4 6. cxd4 Nc6 7. e3 Ne4 8. Nbd2 Nxd2 9. Qxd2 d5 10. Bb5 Bd7 11.
O-O O-O 12. Rac1 Qb6 13. Bxc6 Bxc6 14. Ne5 Bb5 15. Rfd1 Rfc8 16. Rxc8+ Rxc8 17. Rc1 Bc6 18. Rc3 Bf8 19. Qc1 a5 20. b3 f6 21. Nxc6 Rxc6 22.
Rxc6 bxc6 23. Qd1 e6 24. h4 h5 25. g4 hxg4 26. Qxg4 Kf7 27. h5 g5 28. Bg3 Qb5 29.
e4 Qd3 30. e5 Bg7 31. exf6 Bxf6 32. Be5 Bxe5 33. dxe5 Qb1+ 34. Kg2 Qc1 35. Qd4 c5 36. Qd3 c4 37. Qg6+ Ke7 38. h6 Qf4 39. Qg7+ Kd8 40. Qf6+ 1-0

[Event "*** Titled Tuesday Blitz"]
[Site "Chess.com"]
[Date "2020.05.19"]
[Round "3"]
[White "mishikomchedlishvili"]
[Black "CaspiIsrael"]
[Result "1-0"]
[WhiteElo "2862"]
[BlackElo "2603"]
[TimeControl "180+1"]
[EndTime "12:28:44 PDT"]
[Termination "mishikomchedlishvili won by checkmate"]

1. d4 Nf6 2. Bg5 Ne4 3. Bf4 d5 4.
e3 Bf5 5. Bd3 Bg6 6. f3 Nf6 7. Nc3 e6 8. Nge2 c5 9. Nb5 Na6 10. c3 Be7 11. g4 Bxd3 12. Qxd3 h6 13. h4 Qd7 14. a4 b6 15. Kf2 Rc8 16. Bg3 Nb8 17. b3 Nc6 18. Na3 Na5 19. Qd1 a6 20.
Rb1 Bd6 21. Bxd6 Qxd6 22. Qd3 c4 23. bxc4 Qxa3 24. g5 dxc4 25. Qc2 Nd5 26. g6 Qe7 27. e4 Nf6 28. Rxb6 fxg6 29. e5 O-O 30. exf6 Qxf6 31.
Qe4 Nb3 32. Ke3 Rce8 33. Rg1 Kh8 34. Rxg6 Qxh4 35. Qxh4 e5 36. Rxh6+ gxh6 37. Rxh6+ Kg8 38. Qg5+ Kf7 39. Qg6+ Ke7 40. Qd6+ Kf7 41. Qf6+ Kg8 42. Rh8# 1-0

[Event "*** Titled Tuesday Blitz"]
[Site "Chess.com"]
[Date "2020.05.19"]
[Round "3"]
[White "DanielDardha2005"]
[Black "adricalderon8"]
[Result "0-1"]
[WhiteElo "2639"]
[BlackElo "2433"]
[TimeControl "180+1"]
[EndTime "12:28:44 PDT"]
[Termination "adricalderon8 won by resignation"]

1. Nf3 Nf6 2. c4 g6 3. Nc3 Bg7 4. e4 c5 5. d4 cxd4 6. Nxd4 Nc6 7. Nc2 O-O 8. Be2 d6 9. O-O a5 10. f3 a4 11. Be3 Be6 12. Rb1 Qa5 13. Qd2 Rfc8 14.
Rfc1 Nd7 15. Kh1 h5 16. Nd4 Nxd4 17. Bxd4 Bxc4 18. Bxg7 Kxg7 19. Qd4+ Qe5 20. Qe3 Bxe2 21. Qxe2 a3 22. f4 Qxf4 23. Rf1 Qe5 24. Nd5 axb2 25. Rxb2 Nc5 26. Nb6 Qxe4 27. Qxe4 Nxe4 28. Nxc8 Rxc8 29. Rxb7 Kf8 30. a4 Ra8 31. Rb4 Nc5 32. Rbf4 f5 33. Ra1 Kf7 34. Rb4 Ra5 35. Kg1 e5 36. Kf1 Ke6 37. Ke2 g5 38. Kd2 e4 39.
Kc3 f4 40. Rd4 e3 41. g3 Ke5 42. gxf4+ gxf4 43. Rad1 Ne4+ 44. Kb4 Rc5 45. Rc4 Rxc4+ 46. Kxc4 e2 47. Ra1 Nc5 48. Kc3 f3 49. Kd2 Nb3+ 50.
Ke1 Nxa1 51. a5 Nc2+ 52. Kf2 e1=Q+ 53. Kxf3 Qe3+ 54. Kg2 Kf4 55. h4 0-1

[Event "*** Titled Tuesday Blitz"]
[Site "Chess.com"]
[Date "2020.05.19"]
[Round "3"]
[White "DDTerziev04"]
[Black "TheCavemanChesss"]
[Result "0-1"]
[WhiteElo "2252"]
[BlackElo "2543"]
[TimeControl "180+1"]
[EndTime "12:28:44 PDT"]
[Termination "TheCavemanChesss won by checkmate"]

1. e4 c5 2. Nf3 d6 3. d4 cxd4 4. Qxd4 Nc6 5. Qe3 Nf6 6. Be2 e5 7. O-O Be7 8. Nc3 O-O 9. Rd1 Bg4 10. Nd5 Nxd5 11. exd5 Nb4 12. Qb3 a5 13. Be3 Bf5 14. Rd2 Qc8 15. c3 Nc2 16. Rxc2 a4 17. Qa3 Bxc2 18. Nxe5 Qf5 19. Nc4 Bd3 20. Bxd3 Qxd3 21. Nb6 Ra6 22. Qb4 Rd8 23. Re1 Bf6 24. Bf4 h6 25.
Bxd6 a3 26. Bc7 axb2 27. Bxd8 Bxc3 28. Qe7 Bxe1 29. Qe8+ Kh7 30. Nd7 Bxf2+ 31. Kxf2 Qf5+ 32. Kg3 Qxd7 33. Qxd7 b1=Q 34. Qxf7 Rg6+ 35. Kh4 Qe4+ 36. Kh5 Qg4# 0-1